 Dungeon Crawl Stone Soup version 0.29.1-15-g9cfb28693d (webtiles) character file.

Game seed: 6480751223076257802

401 javelincjr the Magician (level 6, -1/44 HPs)
             Began as a Demonspawn Hedge Wizard on Mar 28, 2023.
             Slain by Grinder (2 damage)
             ... on level 4 of the Dungeon.
             The game lasted 00:22:36 (5467 turns).

javelincjr the Magician (Demonspawn Hedge Wizard)   Turns: 5467, Time: 00:22:36

Health: -1/44      AC: 13    Str: 13    XL:     6   Next: 54%
Magic:  7/11       EV: 12    Int: 15    God:
Gold:   158        SH:  0    Dex: 12    Spells: 7/12 levels left

rFire   . . .      SeeInvis .   f - +2 dagger (protect)
rCold   + . .      Faith    .   u - orb {light}
rNeg    . . .      Spirit   .   x - +2 robe {rC+}
rPois   .          Reflect  .   c - +0 hat
rElec   .          Harm     .   (no cloak)
rCorr   .          Rampage  .   (no gloves)
Will    .....                   (no boots)
Stlth   +.........              (no amulet)
HPRegen 0.14/turn               (no ring)
MPRegen 0.12/turn               (no ring)

@: under a protective aura, glowing
A: yellow scales 1, demonic touch 2
a: no special abilities


You were on level 4 of the Dungeon.
You visited 1 branch of the dungeon, and saw 4 of its levels.

You collected 158 gold pieces.

Inventory:

Hand Weapons
 a - a +0 dagger
 f - a +2 dagger of protection (weapon)
 r - a +1 short sword of venom
Missiles
 o - 8 boomerangs
 w - 15 poisoned darts
Armour
 c - a +0 hat (worn)
 u - an orb of light (worn)
 x - a +2 robe of cold resistance (worn)
Jewellery
 A - an amulet of faith
Scrolls
 e - 4 scrolls of fog {unknown}
 g - a scroll of brand weapon {unknown}
 l - a scroll of blinking {unknown}
 m - 4 scrolls of poison {unknown}
 n - 3 scrolls of identify {unknown}
 p - a scroll of amnesia {unknown}
 q - a scroll of fear {unknown}
 t - 2 scrolls of noise {unknown}
 v - a scroll of enchant armour {unknown}
 y - a scroll of teleportation {unknown}
 B - a scroll of enchant weapon {unknown}
Potions
 b - a potion of flight {unknown}
 d - a potion of magic
 h - a potion of brilliance {unknown}
 i - 3 potions of attraction {unknown}
 j - 2 potions of curing {unknown}
 k - a potion of lignification {unknown}
 s - a potion of ambrosia {unknown}
 z - 3 potions of heal wounds {unknown}


   Skills:
 + Level 1.8 Fighting
 + Level 1.4 Short Blades
 + Level 1.7 Armour
 + Level 2.7 Dodging
 - Level 2.1 Stealth
 + Level 3.6 Spellcasting
 + Level 2.5 Conjurations
 + Level 2.6 Summonings
 + Level 2.2 Translocations


You had 7 spell levels left.
You knew the following spells:

 Your Spells              Type           Power      Damage    Failure   Level
a - Magic Dart            Conj           40%        1d5       7%          1
b - Blink                 Tloc           18%        N/A       11%         2
c - Call Imp              Summ           10%        N/A       10%         2

Your spell library contained the following spells:

 Spells                   Type           Power      Damage    Failure   Level
 Beastly Appendage        Tmut           4%         N/A       19%         1
 Slow                     Hex            8%         N/A       19%         1
 Poisonous Vapours        Pois/Air       4%         N/A       28%         2
 Wereblood                Tmut           2%         N/A       28%         2
 Conjure Flame            Conj/Fire      6%         6-21      32%         3
 Portal Projectile        Hex/Tloc       12%        N/A       34%         3
 Mephitic Cloud           Conj/Pois/Air  5%         N/A       36%         3
 Spider Form              Tmut/Pois      2%         N/A       50%         3
 Tukima's Dance           Hex            2%         N/A       50%         3
 Corpse Rot               Necr/Pois/Air  2%         N/A       88%         4
 Blade Hands              Tmut           1%         N/A       99%         5


Dungeon Overview and Level Annotations

Branches:
Dungeon (4/15)
 Temple: D:4-7

Altars:
Fedhas
Xom

Shops:
D:3 :

Annotations:
D:4 Grinder


Innate Abilities, Weirdness & Mutations

You are partially covered in yellow scales. (AC +2)
Your touch may inflict irresistible damage on your foes.


Message History

Your crimson imp suddenly stops moving!
Grinder gestures at you.
Your crimson imp resists with some effort.
Grinder hits you but does no damage.
You barely miss Grinder.
Grinder is moderately wounded.
Grinder gestures at you.
You suddenly lose the ability to move!
Grinder barely misses you. Grinder gestures at you.
You barely resist.
Grinder blinks!
You can move again.
Casting: Magic Dart (safe; 7% risk of failure)
Confirm with . or Enter, or press ? or * to list all spells.
Aiming: Magic Dart (safe; 7% risk of failure)
Press: ? - help, Shift-Dir - straight line, f/p - Grinder
Aim: Grinder, carrying a wand of quicksilver (9) (moderately wounded, ally target, haloed, 100% to hit)
Okay, then.
Something hits your crimson imp but does no damage.
Grinder blinks!
Grinder zaps a wand.
The bolt of dispelling energy hits you!
* * * LOW HITPOINT WARNING * * *
Your crimson imp is no longer paralysed.
Grinder barely misses you.
You hit Grinder.
Your weapon exudes an aura of protection.
Grinder is moderately wounded.
Your crimson imp barely misses Grinder.
Grinder gestures at you. You resist with significant effort.
You hit Grinder but do no damage.
Grinder is moderately wounded.
Your crimson imp hits Grinder.
A poisoned dart appears from out of your range of vision.
The poisoned dart hits your crimson imp!
Grinder hits you.
* * * LOW HITPOINT WARNING * * *
You writhe in agony.
You die...

#...# ## #..# ..### ..## ....#
...#####...# #### ..o.......# ###
###..### .#........# #.##
##......# ##........####..#
#..#...##
#..............###..#..##
......#....)...5@......##
.....##........5......## ######
....###.........###...#####.)..##
.#..# #......#...##.....##......#
....###>....##...#......#........
.)...............................
.............##...........##.....
#....ยง##..........).....####.....
###..###..#.#...........#####..##


You could see Grinder (ally target) and a friendly crimson imp (summoned).

Vanquished Creatures
  A howler monkey (D:3)
  A jelly (D:4)
  2 iguanas
  2 orc wizards (D:4)
  A gnoll (D:3)
  2 adders (D:2)
  A worm (D:3)
  A dart slug (D:1)
  17 orcs
  5 bats
  7 endoplasms
  2 giant cockroaches
  6 goblins
  4 hobgoblins
  2 jackals (D:3)
  9 kobolds
  6 quokkas
  8 ball pythons
  2 frilled lizards
  5 rats
84 creatures vanquished.

Vanquished Creatures (collateral kills)
  2 jellies
  An orc wizard (D:3)
  2 orcs
  An endoplasm (D:4)
  A ball python (D:4)
  A goblin (D:4)
8 creatures vanquished.

Vanquished Creatures (others)
  A demonic plant (D:1)
  36 plants (D:3)
37 creatures vanquished.

Grand Total: 129 creatures vanquished

Notes
Turn   | Place    | Note
-------+----------+-------------------------------------------
     0 | D:1      | javelincjr the Demonspawn Hedge Wizard began the quest for
                  | the Orb.
     0 | D:1      | Reached XP level 1. HP: 13/13 MP: 4/4
    46 | D:1      | Found a faded altar of an unknown god.
   101 | D:1      | Reached skill level 1 in Translocations
   288 | D:1      | Gained mutation: Your touch may inflict minor irresistible
                  | damage on your foes. [demonic ancestry]
   288 | D:1      | Reached XP level 2. HP: 19/19 MP: 0/6
   783 | D:1      | You fall into a shaft and drop 1 floor!
  1205 | D:2      | Gained mutation: Your touch may inflict irresistible damage
                  | on your foes. [demonic ancestry]
  1205 | D:2      | Reached XP level 3. HP: 21/24 MP: 7/7
  1591 | D:2      | Found a shimmering altar of Xom.
  2186 | D:2      | Learned a level 2 spell: Blink
  2189 | D:2      | Learned a level 2 spell: Call Imp
  2451 | D:3      | Found Nenwergh's Vocational Training.
  2575 | D:3      | Reached XP level 4. HP: 31/31 MP: 5/8
  3366 | D:3      | Found a blossoming altar of Fedhas.
  3685 | D:4      | Reached skill level 1 in Fighting
  3685 | D:4      | Reached skill level 1 in Armour
  3685 | D:4      | Reached XP level 5. HP: 25/37 MP: 5/10
  3912 | D:4      | Noticed Grinder
  3917 | D:4      | Reached skill level 1 in Short Blades
  4595 | D:3      | Gained mutation: You are partially covered in yellow
                  | scales. (AC +2) [demonic ancestry]
  4595 | D:3      | Reached XP level 6. HP: 19/43 MP: 4/11
  5453 | D:4      | Paralysed by Grinder for 3 turns
  5467 | D:4      | HP: 1/44 [Grinder (5)]
  5467 | D:4      | Slain by Grinder

Illustrated notes

Levels and vault maps discovered:
D:1:      doesnt_arrival_eight_statues, layout_rooms,
          shapermc_ecumenical_altar_gd
D:2:      layout_basic, basic_altar, amethyst_killhole
D:3:      wad_river_or_something, layout_rooms, fedhas_altar_3,
          serial_bayou_lagoon_a, nicolae_shop_vocational
D:4:      layout_cave_pools, mainiacjoe_overflow_chevrons, portal_sewer_entry_e,
          uniq_grinder

Skill      XL: |  1  2  3  4  5 |
---------------+----------------+-----
Translocations | 1 2 |  2.2
Dodging        | 2 |  2.7
Stealth        | 2 |  2.1
Summonings     | 2 |  2.6
Fighting       | 1 |  1.8
Armour         | 1 |  1.7
Conjurations   | 2 |  2.5
Short Blades   | 1 |  1.4
Spellcasting   | |  3.6

Action                   |  1- 3 |  4- 6 || total
-------------------------+-------+-------++-------
Melee: Dagger            |    55 |   183 ||   238
       Touch             |     8 |     2 ||    10
       Punch             |     2 |       ||     2
 Cast: Magic Dart        |    54 |    66 ||   120
       Call Imp          |       |    15 ||    15
       Blink             |       |     4 ||     4
Armor: Robe              |     9 |    61 ||    70
Dodge: Dodged            |    33 |   116 ||   149
